 Dungeon Crawl Stone Soup version 0.27-a0-1105-g946c659c87 (webtiles) character file.

Game seed: 5678974393132917907

162 DogServant the Chiller (level 5, -8/41 HPs)
             Began as a Draconian Ice Elementalist on Apr 30, 2021.
             Mangled by a wyvern zombie (11 damage)
             ... on level 4 of the Dungeon.
             The game lasted 00:06:23 (3793 turns).

DogServant the Chiller (Draconian Ice Elementalist) Turns: 3793, Time: 00:06:23

Health: -8/41      AC:  6    Str: 11    XL:     5   Next: 19%
Magic:  2/8        EV: 12    Int: 16    God:
Gold:   112        SH:  4    Dex: 11    Spells: 1/8 levels left

rFire    . . .     SeeInvis .   m - +1 flail (holy)
rCold    + . .     Faith    .   (no shield)
rNeg     . . .     Spirit   .   (armour unavailable)
rPois    +         Reflect  .   (helmet restricted)
rElec    .         Harm     .   (no cloak)
rCorr    .         Rampage  .   o - +0 pair of gloves
Will     .....                  (no boots)
Stlth    ++........             (no amulet)
HPRegen  0.13/turn              e - ring of poison resistance
MPRegen  0.11/turn              (no ring)

@: very slightly contaminated, invisible
A: AC +5, unfitting armour, cold-blooded, antennae 1, large bone plates 1, cold
resistance 1, MP-powered wands
a: no special abilities


You were on level 4 of the Dungeon.
You visited 1 branch of the dungeon, and saw 4 of its levels.

You collected 112 gold pieces.

Inventory:

Hand Weapons
 b - a +0 dagger
 m - a +1 flail of holy wrath (weapon)
Missiles
 j - 2 throwing nets
Armour
 o - a +0 pair of gloves (worn)
Jewellery
 c - a ring of fire
 e - a ring of poison resistance (left hand)
Scrolls
 d - 4 scrolls of teleportation {unknown}
 f - 4 scrolls of amnesia {unknown}
 g - 4 scrolls of vulnerability {unknown}
 l - a scroll of fog {unknown}
Potions
 h - a potion of heal wounds {unknown}
 i - 3 potions of attraction
 n - a potion of haste {unknown}
 p - 2 potions of brilliance {unknown}
 q - a potion of curing {unknown}
 r - a potion of mutation


   Skills:
 + Level 2.0 Fighting
 + Level 0.9 Maces & Flails
 - Level 2.5 Dodging
 - Level 2.0 Stealth
 - Level 2.1 Spellcasting
 + Level 5.5 Ice Magic


You had one spell level left.
You knew the following spells:

 Your Spells              Type           Power      Damage    Failure   Level
a - Freeze                Ice            76%        1d9       2%          1
b - Frozen Ramparts       Ice            38%        1d5       6%          3
c - Ozocubu's Armour      Ice            19%        N/A       6%          3

Your spell library contained the following spells:

 Spells                   Type           Power      Damage    Failure   Level
 Hailstorm                Conj/Ice       10%        3d5       54%         4
 Metabolic Englaciation   Hex/Ice        5%         N/A       88%         5


Dungeon Overview and Level Annotations

Branches:
Dungeon (4/15)
 Temple: D:4-7

Altars:

Shops:
D:3 =


Innate Abilities, Weirdness & Mutations

Your plain brown scales are hard. (AC +5)
You cannot fit into any form of body armour.
You are cold-blooded and may be slowed by cold attacks.
You have a pair of small antennae on your head.
You are partially covered in large bone plates. (SH +4)
Your flesh is cold resistant. (rC+)
You expend magic power (3 MP) to strengthen your wands.


Message History

The endoplasm freezes you.
You are frozen.
You resist.
You hit the endoplasm.
The endoplasm is severely wounded.
The endoplasm freezes you.
You are frozen.
You resist. The endoplasm misses you.
You hit the endoplasm.
You kill the endoplasm!
No target in view!
You see here a potion of mutation.
r - a potion of mutation
As you read the scroll of identify, it crumbles to dust.
i - 3 potions of attraction
Found a short sword.
You see here a +0 short sword.
A wyvern zombie comes into view.
Casting: Ozocubu's Armour (dangerous; 6% risk of failure)
Confirm with . or Enter, or press ? or * to list all spells.
You miscast Ozocubu's Armour.
You are very lightly contaminated with residual magic.
Nothing appears to happen.
Casting: Ozocubu's Armour (dangerous; 6% risk of failure)
Confirm with . or Enter, or press ? or * to list all spells.
You miscast Ozocubu's Armour.
Nothing appears to happen.
The wyvern zombie bites you. The wyvern zombie misses you.
You hit the wyvern zombie.
The wyvern zombie convulses.
You tail-slap the wyvern zombie.
The wyvern zombie is moderately damaged.
The wyvern zombie bites you.
You hit the wyvern zombie.
The wyvern zombie convulses.
The wyvern zombie is moderately damaged.
The wyvern zombie bites you! x2
* * * LOW HITPOINT WARNING * * *
Casting: Ozocubu's Armour (dangerous; 6% risk of failure)
Confirm with . or Enter, or press ? or * to list all spells.
You don't have enough magic to cast this spell.
It was a potion of invisibility.
You fade into invisibility!
The wyvern zombie bites you!
You die...

### #.. ##
#.# ..#.#
.#.######
..#....
###.Z.#
.#..@# ..
.#.#)# .#
...#.# .#
##.##.### .#
#.##.#.## .#
#.#...#.## .#
#.#..###.##.#
#.#.##......#
#<#..#.#.####


You could see a wyvern zombie.

Vanquished Creatures
  Jessica (D:3)
  Robin (D:3)
  An adder (D:2)
  A gnoll (D:1)
  An adder skeleton (D:4)
  2 worms (D:2)
  2 dart slugs
  6 orcs (D:3)
  6 ball pythons
  5 bats
  7 endoplasms
  11 goblins
  7 hobgoblins
  12 jackals
  5 quokkas
  3 frilled lizards
  5 kobolds
  3 rats
79 creatures vanquished.

Notes
Turn   | Place    | Note
-------+----------+-------------------------------------------
     0 | D:1      | DogServant the Draconian Ice Elementalist began the quest
                  | for the Orb.
     0 | D:1      | Reached XP level 1. HP: 14/14 MP: 3/3
   345 | D:1      | Found a faded altar of an unknown god.
   376 | D:1      | Reached XP level 2. HP: 15/20 MP: 1/5
  1238 | D:1      | Gained mutation: Your flesh is cold resistant. (rC+)
                  | [potion of mutation]
  1238 | D:1      | Gained mutation: You expend magic power (3 MP) to
                  | strengthen your wands. [potion of mutation]
  1238 | D:1      | Gained mutation: You are partially covered in large bone
                  | plates. (SH +4) [potion of mutation]
  1238 | D:1      | Gained mutation: You have a pair of small antennae on your
                  | head. [potion of mutation]
  1253 | D:1      | Reached XP level 3. HP: 17/26 MP: 3/6
  1597 | D:1      | Learned a level 3 spell: Frozen Ramparts
  1823 | D:2      | Reached skill level 5 in Ice Magic
  2401 | D:2      | Reached XP level 4. HP: 33/33 MP: 2/7
  2405 | D:2      | Learned a level 3 spell: Ozocubu's Armour
  2699 | D:3      | Noticed Robin
  2727 | D:3      | Killed Robin
  2728 | D:3      | Reached skill level 1 in Fighting
  3288 | D:3      | Found Laczuah's Jewellery Shop.
  3304 | D:3      | Noticed Jessica
  3311 | D:3      | Killed Jessica
  3312 | D:3      | Reached XP level 5. HP: 34/41 MP: 8/8
  3793 | D:4      | Mangled by a wyvern zombie

Illustrated notes

Levels and vault maps discovered:
D:1:      nzn_arrival_settlement, layout_basic,
          ebering_ecumenical_altar_sacrificial
D:2:      layout_rooms, grunt_decor_fettered
D:3:      layout_rooms, serial_shops, shop, chequers_serial_rivers_small_b,
          hangedman_decor_push, grunt_decor_clamped, uniq_jessica, uniq_robin
D:4:      layout_loops_ring, minmay_temple_entry_butterflies,
          gammafunk_ghost_grave, minmay_manual_mess

Skill      XL: |  1  2  3  4  5 |
---------------+----------------+-----
Dodging        | 2 |  2.5
Stealth        | 2 |  2.0
Ice Magic      | 5 |  5.5
Fighting       | 1 2 |  2.0
Maces & Flails | |  0.9
Spellcasting   | |  2.1

Action                   |  1- 3 |  4- 6 || total
-------------------------+-------+-------++-------
Melee: Unarmed           |    17 |       ||    17
       Tailslap          |    17 |     3 ||    20
       Dagger            |   143 |    51 ||   194
       Flail             |       |    16 ||    16
 Cast: Freeze            |    17 |       ||    17
       Frozen Ramparts   |     4 |     6 ||    10
       Ozocubu's Armour  |       |     2 ||     2
  Use: Scroll            |     1 |     1 ||     2
       Potion            |     1 |     1 ||     2
 Stab: Sleeping          |     1 |     2 ||     3
Armor: Skin              |    69 |    24 ||    93
Dodge: Dodged            |   144 |    38 ||   182
Block: Other             |    23 |    15 ||    38

Table legend: (Time is in decaauts)
 A = Elapsed time spent in this place.
 B = Non-inter-level travel time spent in this place.
 C = Inter-level travel time spent in this place.
 D = Time resting spent in this place.
 E = Time spent auto-exploring this place.
 F = Levels seen in this place.
 G = Mean time per level.
                   A        B        C        D        E       F      G
               +--------+--------+--------+--------+--------+-----+--------+
         Total |   3805 |   3688 |    117 |    236 |   2868 |   4 |  951.2 |
       Dungeon |   3805 |   3688 |    117 |    236 |   2868 |   4 |  951.2 |
               +--------+--------+--------+--------+--------+-----+--------+

Top non-repeatable levels by time:
     D:1: 1562 daAuts
     D:2: 1137 daAuts
     D:3: 1063 daAuts
     D:4: 42 daAuts
